Coyotes vs Blues

Created - Monday, December 14, 2015 at 03:12

Goals
1 2 3 T
Coyotes 1 1 1 3
Blues 7 2 2 11
Shots
1 2 3 T
Coyotes 10 8 7 25
Blues 11 14 12 37

1st period

1. Blues , Brandon Saad 9 (Rick Nash, Sean Couturier) at 0:37
2. Blues , Kris Letang 7 (Rick Nash) at 3:11 (PP)
3. Blues , Sean Couturier 7 (Rick Nash, Brandon Saad) at 11:00 (PP)
4. Blues , Artem Anisimov 6 (Johan Franzen, Hampus Lindholm) at 13:04
5. Blues , Tomas Tatar 11 (Kris Letang) at 14:48 (PP)
6. Blues , Josh Gorges 2 (Tomas Tatar, Mark Stone) at 15:31
7. Blues , Tomas Tatar 12 (Mark Stone) at 15:37
8. Coyotes , R.J. Umberger 8 (Michal Jordan, Tobias Rieder) at 19:14

Penalties :
T.J. Brennan (Ari) for Hooking (Minor) at 2:41, Johan Franzen (StL) for Interference (Minor) at 5:34, Mark Borowiecki (Ari) for High sticking (Minor) at 10:33, Eric Nystrom (Ari) for Slashing (Minor) at 14:23, Sean Couturier (StL) for Fighting (Major) at 17:12, Mark Borowiecki (Ari) for Fighting (Major) at 17:12

2nd period

9. Blues , Rick Nash 11 (Ryan Ellis) at 3:18
10. Coyotes , Rob Klinkhammer 2 (Shane Harper, Michal Jordan) at 16:56 (PP)
11. Blues , Artem Anisimov 7 (Zdeno Chara, Johan Franzen) at 18:37

Penalties :
Kevan Miller (StL) for Slashing (Minor) at 0:21, Sean Couturier (StL) for Fighting (Major) at 5:15, Carter Ashton (Ari) for Fighting (Major) at 5:15, Sean Couturier (StL) for instigated a fight (Minor) at 5:15, Sean Couturier (StL) for instigated a fight (10 Minutes Misconduct) at 5:15, Mark Borowiecki (Ari) for Charging (Minor) at 10:40, Kris Letang (StL) for Hooking (Minor) at 15:04

3rd period

12. Coyotes , Yannick Weber 6 (Elias Lindholm, David Jones) at 3:20 (PP)
13. Blues , Tomas Tatar 13 (Anders Lee) at 3:34
14. Blues , Tomas Tatar 14 (Mark Fayne, Ryan Ellis) at 17:21

Penalties :
Johan Franzen (StL) for High sticking (Minor) at 3:01, Elias Lindholm (Ari) for Hooking (Minor) at 3:37, T.J. Brennan (Ari) for Hooking (Minor) at 6:36, Mark Borowiecki (Ari) for Slashing (Minor) at 11:08, R.J. Umberger (Ari) for Interference (Minor) at 19:11

Goalie Stats

Magnus Hellberg (Ari), 3 saves from 8 shots - (0.375), L, 1-14-1, 14:48 minutes
Andrey Makarov (Ari), 23 saves from 29 shots - (0.793), 45:12 minutes
Frederik Andersen (StL), 22 saves from 25 shots - (0.880), W, 2-2-0, 60:00 minutes

Players Stats for Coyotes

Player Name              G  A  P  +/- PIM S  H  SB GA TA FO     MP     PP MP  PK MP  
------------------------------------------------------------------------------------
Andrej Sustr             0  0  0  -1  0   0  1  1  0  1  0/0     3:05   0:55   0:00 
Bobby Butler             0  0  0   0  0   2  0  1  2  0  0/0     8:53   0:00   0:00 
Carter Ashton            0  0  0   0  5   0  1  0  0  0  0/0     8:02   0:00   0:00 
David Jones              0  1  1  -4  0   0  4  0  1  0  0/1    18:15   4:22   1:23 
Elias Lindholm           0  1  1  -4  2   2  1  0  3  1  13/25  22:09   4:22   5:58 
Eric Nystrom             0  0  0  -4  2   1  2  0  0  2  0/0    22:17   4:22   6:46 
Gabriel Dumont           0  0  0  -2  0   3  2  0  1  0  7/16   18:00   0:00   0:00 
Henrik Tommernes         0  0  0  -1  0   1  1  1  0  2  0/0    14:47   1:15   1:45 
Jonathan Marchessault    0  0  0  -2  0   0  0  0  1  0  1/1     9:57   0:00   0:00 
Mark Borowiecki          0  0  0  -3  11  0  0  0  0  2  0/0    19:29   0:32   2:22 
Michal Jordan            0  2  2  -3  0   1  1  4  0  4  0/0    32:19   3:48   7:54 
Philippe Paradis         0  0  0   0  0   0  0  0  0  0  0/0     0:26   0:00   0:26 
R.J. Umberger            1  0  1  -1  2   6  3  1  2  0  0/0    17:43   3:46   1:23 
Rob Klinkhammer          1  0  1  -1  0   1  3  0  3  0  0/0    14:51   3:46   0:00 
Shane Harper             0  1  1  -2  0   0  1  1  0  0  3/4    16:05   3:46   2:52 
T.J. Brennan             0  0  0  -5  4   3  3  0  0  2  0/0    26:26   4:48   2:52 
Tobias Rieder            0  1  1  -1  0   1  0  0  1  0  1/10   12:19   0:00   1:24 
Yannick Weber            1  0  1  -1  0   4  1  2  1  2  0/0    24:36   4:58   5:19 

Players Stats for Blues

Player Name              G  A  P  +/- PIM S  H  SB GA TA FO     MP     PP MP  PK MP  
------------------------------------------------------------------------------------
Anders Lee               0  1  1   3  0   0  1  0  0  1  7/13   22:13   5:41   0:29 
Artem Anisimov           2  0  2   2  0   4  3  0  1  0  7/11   19:27   2:27   4:12 
Brandon Saad             1  1  2   2  0   3  0  0  4  1  0/1    21:49   5:37   3:25 
Cam Atkinson             0  0  0   2  0   1  0  1  0  0  0/3    17:26   5:53   0:00 
Hampus Lindholm          0  1  1   1  0   1  0  2  0  0  0/0    20:52   5:13   3:57 
Jeremy Morin             0  0  0   0  0   0  0  0  2  0  2/5     6:18   0:00   0:00 
Johan Franzen            0  2  2   2  4   4  0  0  2  0  1/2    15:33   0:00   3:13 
Josh Gorges              1  0  1   1  0   1  0  3  0  1  0/0    21:20   0:00   3:57 
Kevan Miller             0  0  0   0  2   0  0  1  0  0  0/0     5:58   0:00   0:00 
Kris Letang              1  1  2   4  2   4  0  1  1  1  0/0    22:08   4:53   3:08 
Mark Fayne               0  1  1   2  0   1  0  0  0  0  0/0    11:16   1:20   0:00 
Mark Stone               0  2  2   3  0   2  0  0  4  0  3/3    20:27   4:06   0:00 
Rick Nash                1  3  4   2  0   5  0  0  5  0  0/1    22:28   5:37   4:14 
Ryan Ellis               0  2  2   2  0   2  0  0  1  1  0/0    10:59   0:00   1:03 
Scott Laughton           0  0  0   0  0   0  1  0  0  0  2/4     5:42   0:00   0:00 
Sean Couturier           1  1  2   2  22  1  1  1  1  0  10/13  13:44   4:21   0:52 
Tomas Tatar              4  1  5   3  0   6  1  0  4  0  0/1    16:04   5:22   0:00 
Zdeno Chara              0  1  1   4  0   2  2  1  0  0  0/0    18:06   0:00   4:11 

3 Stars

1 - Tomas Tatar (StL)
2 - Rick Nash (StL)
3 - Artem Anisimov (StL)

Power Play

Coyotes - 2 on 5 Attempt(s) - 40.00%
Blues - 3 on 8 Attempt(s) - 37.50%

Penalty Kill

Coyotes - 5 on 8 Attempt(s) - 62.50% - Score 0 goal in Penalty Kill
Blues - 3 on 5 Attempt(s) - 60.00% - Score 0 goal in Penalty Kill

Team Stat

Coyotes - Hits : 24 - Faceoff Wins : 25 - Blocked Shots : 11 - Penalty Minutes : 26
Blues - Hits : 9 - Faceoff Wins : 32 - Blocked Shots : 10 - Penalty Minutes : 30

Official

Referees : Unknown
Linesman : Unknown

Game Notes

Andrej Sustr is injured at 10:02 of 1st period (Torso)
Andrey Makarov enters game at 14:48 of 1st period
Sean Couturier and Mark Borowiecki fight to a draw at 17:12 of 1st period
Sean Couturier and Carter Ashton fight to a draw at 5:15 of 2nd period
Tomas Tatar has scored a Hat Trick!

Finance

Level 1 -- Attendance: 6000 (100.00%) -- Ticket Income $498,000
Level 2 -- Attendance: 5000 (100.00%) -- Ticket Income $240,000
Level 3 -- Attendance: 1919 (95.95%) -- Ticket Income $49,894
Level 4 -- Attendance: 3777 (94.43%) -- Ticket Income $52,878
Luxury Box -- Attendance: 905 (90.50%) -- Ticket Income $153,850
Game was played at the Savis Center.
Total Attendance: 17601 (97.78%)
Total Ticket Income: $994,622
Other Income: $487,365
Total Income: $1,481,987

Coyotes

5 vs 5 Forward 
   Center                   Left Wing                Right Wing               Time % Phy DF OF 
 1 Elias Lindholm           Eric Nystrom             David Jones              35     1   2  2  
 2 Tobias Rieder            Rob Klinkhammer          R.J. Umberger            30     1   2  2  
 3 Gabriel Dumont           Jonathan Marchessault    Shane Harper             22     1   2  2  
 4 Gabriel Dumont           Carter Ashton            Bobby Butler             13     1   2  2  

5 vs 5 Defense 
   Defense                  Defense                                           Time % Phy DF OF 
 1 Andrej Sustr             T.J. Brennan                                      35     1   2  2  
 2 Mark Borowiecki          Yannick Weber                                     30     1   2  2  
 3 Henrik Tommernes         Michal Jordan                                     22     1   2  2  
 4 Mark Borowiecki          Michal Jordan                                     13     1   2  2  

PowerPlay Forward 
   Center                   Left Wing                Right Wing               Time % Phy DF OF 
 1 Elias Lindholm           Eric Nystrom             David Jones              60     1   2  2  
 2 Shane Harper             Rob Klinkhammer          R.J. Umberger            40     1   2  2  

PowerPlay Defense
   Defense                  Defense                                           Time % Phy DF OF 
 1 T.J. Brennan             Yannick Weber                                     60     1   2  2  
 2 Andrej Sustr             Michal Jordan                                     40     1   2  2  

Penalty Kill 4 Players Forward 
   Center                   Wing                     Time % Phy DF OF 
 1 Elias Lindholm           Eric Nystrom             60     1   2  2  
 2 David Jones              R.J. Umberger            40     1   2  2  

Penalty Kill 4 Players Defense
   Defense                  Defense                  Time % Phy DF OF 
 1 Mark Borowiecki          Michal Jordan            60     1   2  2  
 2 Andrej Sustr             Yannick Weber            40     1   2  2  

Penalty Kill - 3 Players Forward 
   Forward                                           Time % Phy DF OF 
 1 Elias Lindholm                                    60     1   2  2  
 2 Eric Nystrom                                      40     1   2  2  

Penalty Kill - 3 Players Defense
   Defense                  Defense                  Time % Phy DF OF 
 1 Mark Borowiecki          Michal Jordan            60     1   2  2  
 2 Andrej Sustr             Yannick Weber            40     1   2  2  

4 vs 4 Forward 
   Center                   Wing                     Time % Phy DF OF 
 1 Elias Lindholm           Eric Nystrom             60     1   2  2  
 2 R.J. Umberger            David Jones              40     1   2  2  

4 vs 4 Defense
   Defense                  Defense                  Time % Phy DF OF 
 1 Andrej Sustr             T.J. Brennan             60     1   2  2  
 2 Yannick Weber            Michal Jordan            40     1   2  2  

Last Minutes Offensive
   Center                   Left Wing                Right Wing               Defense                  Defense                  
   Elias Lindholm           Eric Nystrom             David Jones              Andrej Sustr             Yannick Weber            

Last Minutes Defensive
   Center                   Left Wing                Right Wing               Defense                  Defense                  
   Elias Lindholm           Eric Nystrom             David Jones              Andrej Sustr             Mark Borowiecki          

Goaltenders
Starting : Magnus Hellberg          
Backup : Andrey Makarov           

Extra Forwards
Normal : Jonathan Marchessault, Bobby Butler, Shane Harper - PP : R.J. Umberger, Gabriel Dumont - PK : Shane Harper
Extra Defensemen
Normal : Michal Jordan, T.J. Brennan, Andrej Sustr - PP : Yannick Weber - PK : Michal Jordan, Yannick Weber
Penalty Shots
Elias Lindholm, Eric Nystrom, David Jones, Gabriel Dumont, R.J. Umberger

Blues

5 vs 5 Forward 
   Center                   Left Wing                Right Wing               Time % Phy DF OF 
 1 Sean Couturier           Rick Nash                Brandon Saad             32     1   1  3  
 2 Anders Lee               Tomas Tatar              Mark Stone               32     1   1  3  
 3 Artem Anisimov           Johan Franzen            Cam Atkinson             22     1   1  3  
 4 Scott Laughton           Anders Lee               Mark Stone               14     0   3  2  

5 vs 5 Defense 
   Defense                  Defense                                           Time % Phy DF OF 
 1 Zdeno Chara              Kris Letang                                       33     1   2  2  
 2 Josh Gorges              Hampus Lindholm                                   31     1   2  2  
 3 Mark Fayne               Ryan Ellis                                        24     1   2  2  
 4 Kevan Miller             Josh Gorges                                       12     1   2  2  

PowerPlay Forward 
   Center                   Left Wing                Right Wing               Time % Phy DF OF 
 1 Sean Couturier           Rick Nash                Brandon Saad             50     0   2  3  
 2 Anders Lee               Tomas Tatar              Mark Stone               50     0   2  3  

PowerPlay Defense
   Defense                  Defense                                           Time % Phy DF OF 
 1 Anders Lee               Kris Letang                                       50     0   2  3  
 2 Cam Atkinson             Hampus Lindholm                                   50     0   2  3  

Penalty Kill 4 Players Forward 
   Center                   Wing                     Time % Phy DF OF 
 1 Sean Couturier           Rick Nash                50     2   3  0  
 2 Artem Anisimov           Brandon Saad             50     2   3  0  

Penalty Kill 4 Players Defense
   Defense                  Defense                  Time % Phy DF OF 
 1 Zdeno Chara              Kris Letang              50     2   3  0  
 2 Josh Gorges              Hampus Lindholm          50     2   3  0  

Penalty Kill - 3 Players Forward 
   Forward                                           Time % Phy DF OF 
 1 Mark Stone                                        50     2   3  0  
 2 Sean Couturier                                    50     2   3  0  

Penalty Kill - 3 Players Defense
   Defense                  Defense                  Time % Phy DF OF 
 1 Zdeno Chara              Kris Letang              50     2   3  0  
 2 Josh Gorges              Hampus Lindholm          50     2   3  0  

4 vs 4 Forward 
   Center                   Wing                     Time % Phy DF OF 
 1 Artem Anisimov           Mark Stone               50     1   2  2  
 2 Anders Lee               Brandon Saad             50     1   2  2  

4 vs 4 Defense
   Defense                  Defense                  Time % Phy DF OF 
 1 Mark Fayne               Kris Letang              50     1   2  2  
 2 Josh Gorges              Hampus Lindholm          50     1   2  2  

Last Minutes Offensive
   Center                   Left Wing                Right Wing               Defense                  Defense                  
   Sean Couturier           Rick Nash                Brandon Saad             Zdeno Chara              Kris Letang              

Last Minutes Defensive
   Center                   Left Wing                Right Wing               Defense                  Defense                  
   Sean Couturier           Rick Nash                Brandon Saad             Zdeno Chara              Kris Letang              

Goaltenders
Starting : Frederik Andersen        
Backup : Henrik Lundqvist         

Extra Forwards
Normal : Jeremy Morin, Scott Laughton, Johan Franzen - PP : Tomas Tatar, Cam Atkinson - PK : Johan Franzen
Extra Defensemen
Normal : Mark Fayne, Ryan Ellis, Kevan Miller - PP : Mark Fayne - PK : Ryan Ellis, Kevan Miller
Penalty Shots
Rick Nash, Cam Atkinson, Jeremy Morin, Tomas Tatar, Kris Letang

% Time on Ice - Coyotes

Lines # - Real PCT - Wanted PCT - Time Play
Normal Forward
1 - 27% - 35% - 11:11
2 - 30% - 30% - 12:35
3 - 22% - 22% - 9:07
4 - 21% - 13% - 8:53
Normal Defense
1 - 45% - 35% - 18:49
2 - 34% - 30% - 14:12
3 - 13% - 22% - 5:34
4 - 8% - 13% - 3:11
PP Forward
1 - 54% - 60% - 4:22
2 - 46% - 40% - 3:46
PP Defense
1 - 40% - 60% - 3:16
2 - 60% - 40% - 4:52
PK Forward
1 - 86% - 60% - 8:43
2 - 14% - 40% - 1:23
PK Defense
1 - 52% - 60% - 5:14
2 - 48% - 40% - 4:52
PK3 Forward
1 - 0% - 60%
2 - 0% - 40%
PK3 Defense
1 - 0% - 60%
2 - 0% - 40%
44 Forward
1 - 0% - 60%
2 - 0% - 40%
44 Defense
1 - 0% - 60%
2 - 0% - 40%
Last Minute Offensive  - 0:00
Last Minute Defensive  - 0:00
Total
Forward - 60:00
Defense - 60:00

% Time on Ice - Blues

Lines # - Real PCT - Wanted PCT - Time Play
Normal Forward
1 - 30% - 32% - 12:37
2 - 28% - 32% - 11:33
3 - 29% - 22% - 11:57
4 - 14% - 14% - 5:39
Normal Defense
1 - 34% - 33% - 14:09
2 - 28% - 31% - 11:42
3 - 24% - 24% - 9:56
4 - 14% - 12% - 5:59
PP Forward
1 - 56% - 50% - 5:37
2 - 44% - 50% - 4:29
PP Defense
1 - 48% - 50% - 4:53
2 - 52% - 50% - 5:13
PK Forward
1 - 58% - 50% - 4:43
2 - 42% - 50% - 3:25
PK Defense
1 - 51% - 50% - 4:11
2 - 49% - 50% - 3:57
PK3 Forward
1 - 0% - 50%
2 - 0% - 50%
PK3 Defense
1 - 0% - 50%
2 - 0% - 50%
44 Forward
1 - 0% - 50%
2 - 0% - 50%
44 Defense
1 - 0% - 50%
2 - 0% - 50%
Last Minute Offensive  - 0:00
Last Minute Defensive  - 0:00
Total
Forward - 60:00
Defense - 60:00

Play by Play

1st period


0:01 of 1st period - Elias Lindholm wins face-off versus Sean Couturier in neutral zone.
0:37 of 1st period - Backhand shot by Brandon Saad.
0:37 of 1st period - Goal by Brandon Saad - Coyotes : 0 - Blues : 1.
0:38 of 1st period - Anders Lee wins face-off versus Tobias Rieder in neutral zone.
1:46 of 1st period - Slapshot by Johan Franzen.
1:46 of 1st period - Stopped by Magnus Hellberg without a rebound.
1:47 of 1st period - Elias Lindholm wins face-off versus Artem Anisimov in Coyotes zone.
1:54 of 1st period - Snap shot by Elias Lindholm.
1:54 of 1st period - Stopped by Frederik Andersen with a rebound.
2:41 of 1st period - Minor Penalty to T.J. Brennan for Hooking.
2:42 of 1st period - Sean Couturier wins face-off versus Elias Lindholm in Coyotes zone.
3:07 of 1st period - Slapshot by Kris Letang.
3:07 of 1st period - Shot Blocked by Michal Jordan.
3:09 of 1st period - Slapshot by Kris Letang.
3:09 of 1st period - Shot Hit the Post.
3:11 of 1st period - Slapshot by Kris Letang.
3:11 of 1st period - Goal by Kris Letang - Coyotes : 0 - Blues : 2.
3:12 of 1st period - Gabriel Dumont wins face-off versus Scott Laughton in neutral zone.
4:50 of 1st period - Snap shot by Gabriel Dumont.
4:50 of 1st period - Stopped by Frederik Andersen without a rebound.
4:51 of 1st period - Artem Anisimov wins face-off versus Gabriel Dumont in Blues zone.
4:56 of 1st period - Wrist shot by Johan Franzen.
4:56 of 1st period - Stopped by Magnus Hellberg without a rebound.
4:57 of 1st period - Artem Anisimov wins face-off versus Elias Lindholm in Coyotes zone.
5:34 of 1st period - Minor Penalty to Johan Franzen for Interference.
5:35 of 1st period - Sean Couturier wins face-off versus Shane Harper in Blues zone.
6:06 of 1st period - Wrist shot by R.J. Umberger.
6:06 of 1st period - Stopped by Frederik Andersen with a rebound.
6:30 of 1st period - Zdeno Chara is hit by Elias Lindholm and loses puck.
6:37 of 1st period - Snap shot by David Jones.
6:37 of 1st period - Shot Blocked by Zdeno Chara.
7:18 of 1st period - David Jones is hit by Artem Anisimov and loses puck.
7:25 of 1st period - Brandon Saad is hit by Andrej Sustr and loses puck.
7:34 of 1st period - Penalty to Johan Franzen is over, Johan Franzen is back on ice.
8:20 of 1st period - Snap shot by Tomas Tatar.
8:20 of 1st period - Shot Blocked by Michal Jordan.
8:59 of 1st period - Wrist shot by Rick Nash.
8:59 of 1st period - Shot Misses the Net.
9:01 of 1st period - Wrist shot by Sean Couturier.
9:01 of 1st period - Shot Blocked by Michal Jordan.
9:03 of 1st period - Wrist shot by Rick Nash.
9:03 of 1st period - Shot Misses the Net.
9:05 of 1st period - Slapshot by Josh Gorges.
9:05 of 1st period - Shot Blocked by Henrik Tommernes.
9:40 of 1st period - Wrist shot by Elias Lindholm.
9:40 of 1st period - Deflect By David Jones.
9:40 of 1st period - Shot Misses the Net.
9:40 of 1st period - Puck is out of play.
9:41 of 1st period - Scott Laughton wins face-off versus Elias Lindholm in Blues zone.
10:02 of 1st period - Wrist shot by Artem Anisimov.
10:02 of 1st period - Shot Blocked by Andrej Sustr.
10:02 of 1st period - Andrej Sustr from Coyotes is injured at 10:02 of 1st period (Torso).
10:03 of 1st period - Anders Lee wins face-off versus Tobias Rieder in Coyotes zone.
10:33 of 1st period - Minor Penalty to Mark Borowiecki for High sticking.
10:34 of 1st period - Elias Lindholm wins face-off versus Sean Couturier in Coyotes zone.
10:46 of 1st period - Snap shot by Elias Lindholm.
10:46 of 1st period - Shot Blocked by Cam Atkinson.
10:58 of 1st period - Snap shot by Rick Nash.
10:58 of 1st period - Shot Misses the Net.
11:00 of 1st period - Slapshot by Sean Couturier.
11:00 of 1st period - Goal by Sean Couturier - Coyotes : 0 - Blues : 3.
11:01 of 1st period - Gabriel Dumont wins face-off versus Anders Lee in neutral zone.
11:12 of 1st period - Slapshot by Tomas Tatar.
11:12 of 1st period - Stopped by Magnus Hellberg with a rebound.
11:47 of 1st period - Snap shot by Rick Nash.
11:47 of 1st period - Deflect By Sean Couturier.
11:47 of 1st period - Shot Blocked by R.J. Umberger.
11:47 of 1st period - Puck is out of play.
11:48 of 1st period - Sean Couturier wins face-off versus Tobias Rieder in Coyotes zone.
12:43 of 1st period - Michal Jordan is hit by Artem Anisimov.
12:46 of 1st period - Off-side.
12:47 of 1st period - Artem Anisimov wins face-off versus Elias Lindholm in neutral zone.
13:04 of 1st period - Slapshot by Artem Anisimov.
13:04 of 1st period - Goal by Artem Anisimov - Coyotes : 0 - Blues : 4.
13:05 of 1st period - Sean Couturier wins face-off versus Gabriel Dumont in neutral zone.
13:31 of 1st period - Wrist shot by Gabriel Dumont.
13:31 of 1st period - Shot Blocked by Sean Couturier.
13:33 of 1st period - Wrist shot by Gabriel Dumont.
13:33 of 1st period - Stopped by Frederik Andersen with a rebound.
13:35 of 1st period - Snap shot by Shane Harper.
13:35 of 1st period - Shot Blocked by Josh Gorges.
14:23 of 1st period - Minor Penalty to Eric Nystrom for Slashing.
14:24 of 1st period - Elias Lindholm wins face-off versus Cam Atkinson in Coyotes zone.
14:43 of 1st period - Shane Harper is hit by Anders Lee and loses puck.
14:48 of 1st period - Wrist shot by Tomas Tatar.
14:48 of 1st period - Goal by Tomas Tatar - Coyotes : 0 - Blues : 5.
14:48 of 1st period - Andrey Makarov enters game.
14:49 of 1st period - Sean Couturier wins face-off versus Tobias Rieder in neutral zone.
15:22 of 1st period - Wrist shot by Brandon Saad.
15:22 of 1st period - Stopped by Andrey Makarov without a rebound.
15:23 of 1st period - Mark Stone wins face-off versus Gabriel Dumont in Coyotes zone.
15:31 of 1st period - Snap shot by Josh Gorges.
15:31 of 1st period - Goal by Josh Gorges - Coyotes : 0 - Blues : 6.
15:32 of 1st period - Mark Stone wins face-off versus Elias Lindholm in neutral zone.
15:37 of 1st period - Snap shot by Tomas Tatar.
15:37 of 1st period - Goal by Tomas Tatar - Coyotes : 0 - Blues : 7.
15:38 of 1st period - Artem Anisimov wins face-off versus Elias Lindholm in neutral zone.
16:16 of 1st period - Snap shot by Artem Anisimov.
16:16 of 1st period - Shot Hit the Post.
17:12 of 1st period - Sean Couturier and Mark Borowiecki fight to a draw.
17:12 of 1st period - Penalty to Sean Couturier for Fighting.
17:12 of 1st period - Penalty to Mark Borowiecki for Fighting.
17:13 of 1st period - Gabriel Dumont wins face-off versus Jeremy Morin in Coyotes zone.
18:18 of 1st period - Wrist shot by David Jones.
18:18 of 1st period - Shot Misses the Net.
18:20 of 1st period - Wrist shot by Eric Nystrom.
18:20 of 1st period - Stopped by Frederik Andersen with a rebound.
18:53 of 1st period - Josh Gorges is hit by R.J. Umberger and loses puck.
19:04 of 1st period - Snap shot by Tobias Rieder.
19:04 of 1st period - Stopped by Frederik Andersen with a rebound.
19:06 of 1st period - Snap shot by R.J. Umberger.
19:06 of 1st period - Deflect By Josh Gorges.
19:06 of 1st period - Stopped by Frederik Andersen with a rebound.
19:08 of 1st period - Slapshot by Michal Jordan.
19:08 of 1st period - Stopped by Frederik Andersen with a rebound.
19:10 of 1st period - Wrist shot by R.J. Umberger.
19:10 of 1st period - Shot Blocked by Josh Gorges.
19:12 of 1st period - Wrist shot by R.J. Umberger.
19:12 of 1st period - Stopped by Frederik Andersen with a rebound.
19:14 of 1st period - Wrist shot by R.J. Umberger.
19:14 of 1st period - Goal by R.J. Umberger - Coyotes : 1 - Blues : 7.
19:15 of 1st period - Jeremy Morin wins face-off versus Gabriel Dumont in neutral zone.
Goals for this period are 1 for Coyotes vs 7 for Blues.
Shots for this period are 10 for Coyotes vs 11 for Blues.

2nd period


0:01 of 2nd period - Elias Lindholm wins face-off versus Anders Lee in neutral zone.
0:21 of 2nd period - Minor Penalty to Kevan Miller for Slashing.
0:22 of 2nd period - Elias Lindholm wins face-off versus Johan Franzen in Blues zone.
0:46 of 2nd period - Josh Gorges is hit by Eric Nystrom and loses puck.
1:15 of 2nd period - Wrist shot by Rob Klinkhammer.
1:15 of 2nd period - Shot Misses the Net.
1:17 of 2nd period - Wrist shot by R.J. Umberger.
1:17 of 2nd period - Shot Misses the Net.
1:19 of 2nd period - Snap shot by Rob Klinkhammer.
1:19 of 2nd period - Shot Blocked by Hampus Lindholm.
1:21 of 2nd period - Slapshot by Rob Klinkhammer.
1:21 of 2nd period - Shot Misses the Net.
1:46 of 2nd period - Brandon Saad is hit by Yannick Weber and loses puck.
2:10 of 2nd period - Josh Gorges is hit by David Jones and loses puck.
2:12 of 2nd period - Penalty to Sean Couturier is over, Sean Couturier is back on ice.
2:48 of 2nd period - Kris Letang is hit by Michal Jordan and loses puck.
3:18 of 2nd period - Snap shot by Rick Nash.
3:18 of 2nd period - Goal by Rick Nash - Coyotes : 1 - Blues : 8.
3:19 of 2nd period - Jonathan Marchessault wins face-off versus Cam Atkinson in neutral zone.
3:33 of 2nd period - Slapshot by Ryan Ellis.
3:33 of 2nd period - Stopped by Andrey Makarov with a rebound.
4:19 of 2nd period - Scott Laughton is hit by Rob Klinkhammer and loses puck.
4:28 of 2nd period - Mark Stone is hit by T.J. Brennan and loses puck.
5:12 of 2nd period - Snap shot by Bobby Butler.
5:12 of 2nd period - Shot Blocked by Kevan Miller.
5:14 of 2nd period - Wrist shot by Gabriel Dumont.
5:14 of 2nd period - Shot Misses the Net.
5:15 of 2nd period - Sean Couturier and Carter Ashton fight to a draw.
5:15 of 2nd period - Penalty to Sean Couturier for Fighting.
5:15 of 2nd period - Penalty to Carter Ashton for Fighting.
5:15 of 2nd period - Penalty to Sean Couturier for instigated a fight.
5:15 of 2nd period - Penalty to Sean Couturier for instigated a fight.
5:16 of 2nd period - Shane Harper wins face-off versus Artem Anisimov in Blues zone.
5:23 of 2nd period - Snap shot by R.J. Umberger.
5:23 of 2nd period - Shot Misses the Net.
5:25 of 2nd period - Slapshot by T.J. Brennan.
5:25 of 2nd period - Shot Misses the Net.
5:38 of 2nd period - Wrist shot by R.J. Umberger.
5:38 of 2nd period - Shot Misses the Net.
6:09 of 2nd period - Kris Letang is hit by David Jones and loses puck.
6:42 of 2nd period - Kris Letang is hit by R.J. Umberger and loses puck.
6:49 of 2nd period - Wrist shot by R.J. Umberger.
6:49 of 2nd period - Shot Blocked by Kris Letang.
6:51 of 2nd period - Slapshot by Yannick Weber.
6:51 of 2nd period - Stopped by Frederik Andersen with a rebound.
6:53 of 2nd period - Slapshot by T.J. Brennan.
6:53 of 2nd period - Stopped by Frederik Andersen without a rebound.
6:54 of 2nd period - Shane Harper wins face-off versus Artem Anisimov in Blues zone.
7:05 of 2nd period - Mark Borowiecki is hit by Artem Anisimov and loses puck.
7:15 of 2nd period - Penalty to Sean Couturier is over, Cam Atkinson is send on ice.
7:56 of 2nd period - T.J. Brennan is hit by Tomas Tatar and loses puck.
8:09 of 2nd period - Snap shot by Bobby Butler.
8:09 of 2nd period - Stopped by Frederik Andersen with a rebound.
8:11 of 2nd period - Slapshot by T.J. Brennan.
8:11 of 2nd period - Stopped by Frederik Andersen without a rebound.
8:12 of 2nd period - Gabriel Dumont wins face-off versus Scott Laughton in Blues zone.
8:13 of 2nd period - Wrist shot by Bobby Butler.
8:13 of 2nd period - Shot Misses the Net.
8:35 of 2nd period - Mark Fayne is hit by T.J. Brennan and loses puck.
9:04 of 2nd period - Mark Fayne is hit by Rob Klinkhammer and loses puck.
9:19 of 2nd period - Icing by Tobias Rieder.
9:20 of 2nd period - Artem Anisimov wins face-off versus Gabriel Dumont in Coyotes zone.
9:33 of 2nd period - Wrist shot by Johan Franzen.
9:33 of 2nd period - Stopped by Andrey Makarov with a rebound.
9:35 of 2nd period - Slapshot by Zdeno Chara.
9:35 of 2nd period - Stopped by Andrey Makarov with a rebound.
9:43 of 2nd period - Snap shot by Johan Franzen.
9:43 of 2nd period - Shot Blocked by Shane Harper.
9:45 of 2nd period - Wrist shot by Kris Letang.
9:45 of 2nd period - Stopped by Andrey Makarov with a rebound.
9:47 of 2nd period - Snap shot by Artem Anisimov.
9:47 of 2nd period - Stopped by Andrey Makarov with a rebound.
10:15 of 2nd period - Eric Nystrom is hit by Zdeno Chara and loses puck.
10:40 of 2nd period - Minor Penalty to Mark Borowiecki for Charging.
10:41 of 2nd period - Elias Lindholm wins face-off versus Tomas Tatar in Coyotes zone.
11:01 of 2nd period - Wrist shot by Tomas Tatar.
11:01 of 2nd period - Stopped by Andrey Makarov with a rebound.
11:36 of 2nd period - Icing by Artem Anisimov.
11:37 of 2nd period - Elias Lindholm wins face-off versus Artem Anisimov in Blues zone.
12:15 of 2nd period - Brandon Saad is hit by Eric Nystrom.
12:29 of 2nd period - Wrist shot by Tomas Tatar.
12:29 of 2nd period - Shot Hit the Post.
12:31 of 2nd period - Wrist shot by Tomas Tatar.
12:31 of 2nd period - Shot Misses the Net.
12:40 of 2nd period - Penalty to Mark Borowiecki is over, Mark Borowiecki is back on ice.
12:52 of 2nd period - Wrist shot by Artem Anisimov.
12:52 of 2nd period - Shot Misses the Net.
12:58 of 2nd period - Wrist shot by Johan Franzen.
12:58 of 2nd period - Stopped by Andrey Makarov with a rebound.
13:16 of 2nd period - Slapshot by Josh Gorges.
13:16 of 2nd period - Shot Blocked by Bobby Butler.
13:18 of 2nd period - Snap shot by Mark Stone.
13:18 of 2nd period - Shot Misses the Net.
13:20 of 2nd period - Wrist shot by Mark Stone.
13:20 of 2nd period - Shot Misses the Net.
13:22 of 2nd period - Slapshot by Kevan Miller.
13:22 of 2nd period - Shot Misses the Net.
13:24 of 2nd period - Slapshot by Mark Stone.
13:24 of 2nd period - Deflect By Anders Lee.
13:24 of 2nd period - Shot Blocked by Yannick Weber.
13:24 of 2nd period - Puck is out of play.
13:25 of 2nd period - Scott Laughton wins face-off versus Gabriel Dumont in Coyotes zone.
14:24 of 2nd period - Snap shot by Anders Lee.
14:24 of 2nd period - Shot Misses the Net.
14:26 of 2nd period - Backhand shot by Hampus Lindholm.
14:26 of 2nd period - Stopped by Andrey Makarov with a rebound.
14:28 of 2nd period - Slapshot by Josh Gorges.
14:28 of 2nd period - Shot Misses the Net.
14:52 of 2nd period - Slapshot by Yannick Weber.
14:52 of 2nd period - Stopped by Frederik Andersen with a rebound.
14:54 of 2nd period - Slapshot by Gabriel Dumont.
14:54 of 2nd period - Stopped by Frederik Andersen without a rebound.
14:55 of 2nd period - Artem Anisimov wins face-off versus Gabriel Dumont in Blues zone.
15:04 of 2nd period - Minor Penalty to Kris Letang for Hooking.
15:05 of 2nd period - Johan Franzen wins face-off versus Elias Lindholm in Blues zone.
15:32 of 2nd period - Wrist shot by David Jones.
15:32 of 2nd period - Shot Blocked by Hampus Lindholm.
16:34 of 2nd period - Johan Franzen is hit by R.J. Umberger and loses puck.
16:45 of 2nd period - Michal Jordan is hit by Zdeno Chara and loses puck.
16:56 of 2nd period - Slapshot by Rob Klinkhammer.
16:56 of 2nd period - Goal by Rob Klinkhammer - Coyotes : 2 - Blues : 8.
16:57 of 2nd period - Gabriel Dumont wins face-off versus Anders Lee in neutral zone.
17:01 of 2nd period - Wrist shot by Bobby Butler.
17:01 of 2nd period - Stopped by Frederik Andersen without a rebound.
17:02 of 2nd period - Gabriel Dumont wins face-off versus Anders Lee in Blues zone.
17:27 of 2nd period - Snap shot by Tomas Tatar.
17:27 of 2nd period - Shot Misses the Net.
17:49 of 2nd period - Off-side.
17:50 of 2nd period - Elias Lindholm wins face-off versus Jeremy Morin in neutral zone.
18:05 of 2nd period - Wrist shot by Brandon Saad.
18:05 of 2nd period - Stopped by Andrey Makarov with a rebound.
18:27 of 2nd period - Wrist shot by Artem Anisimov.
18:27 of 2nd period - Shot Misses the Net.
18:29 of 2nd period - Snap shot by Cam Atkinson.
18:29 of 2nd period - Stopped by Andrey Makarov with a rebound.
18:31 of 2nd period - Snap shot by Kris Letang.
18:31 of 2nd period - Stopped by Andrey Makarov with a rebound.
18:33 of 2nd period - Snap shot by Johan Franzen.
18:33 of 2nd period - Shot Misses the Net.
18:37 of 2nd period - Snap shot by Artem Anisimov.
18:37 of 2nd period - Goal by Artem Anisimov - Coyotes : 2 - Blues : 9.
18:38 of 2nd period - Anders Lee wins face-off versus Tobias Rieder in neutral zone.
19:13 of 2nd period - Hampus Lindholm is hit by Rob Klinkhammer and loses puck.
19:26 of 2nd period - Zdeno Chara is hit by Shane Harper and loses puck.
19:35 of 2nd period - Slapshot by Kris Letang.
19:35 of 2nd period - Shot Misses the Net.
19:37 of 2nd period - Snap shot by Kris Letang.
19:37 of 2nd period - Shot Misses the Net.
19:39 of 2nd period - Snap shot by Johan Franzen.
19:39 of 2nd period - Shot Misses the Net.
19:41 of 2nd period - Snap shot by Artem Anisimov.
19:41 of 2nd period - Shot Misses the Net.
19:43 of 2nd period - Wrist shot by Zdeno Chara.
19:43 of 2nd period - Stopped by Andrey Makarov without a rebound.
19:44 of 2nd period - Elias Lindholm wins face-off versus Jeremy Morin in Coyotes zone.
Goals for this period are 1 for Coyotes vs 2 for Blues.
Shots for this period are 8 for Coyotes vs 14 for Blues.

3rd period


0:01 of 3rd period - Jeremy Morin wins face-off versus Elias Lindholm in neutral zone.
0:15 of 3rd period - 10 Minutes Misconduct Penalty to Sean Couturier is over.
1:49 of 3rd period - Off-side.
1:50 of 3rd period - Sean Couturier wins face-off versus Gabriel Dumont in neutral zone.
1:58 of 3rd period - Slapshot by Ryan Ellis.
1:58 of 3rd period - Stopped by Andrey Makarov without a rebound.
1:59 of 3rd period - Sean Couturier wins face-off versus Gabriel Dumont in Coyotes zone.
2:20 of 3rd period - Wrist shot by Rick Nash.
2:20 of 3rd period - Stopped by Andrey Makarov with a rebound.
3:01 of 3rd period - Minor Penalty to Johan Franzen for High sticking.
3:02 of 3rd period - Elias Lindholm wins face-off versus Brandon Saad in Blues zone.
3:04 of 3rd period - Snap shot by David Jones.
3:04 of 3rd period - Shot Blocked by Josh Gorges.
3:18 of 3rd period - Snap shot by Elias Lindholm.
3:18 of 3rd period - Shot Misses the Net.
3:20 of 3rd period - Slapshot by Yannick Weber.
3:20 of 3rd period - Goal by Yannick Weber - Coyotes : 3 - Blues : 9.
3:21 of 3rd period - Anders Lee wins face-off versus Tobias Rieder in neutral zone.
3:32 of 3rd period - Snap shot by Mark Stone.
3:32 of 3rd period - Stopped by Andrey Makarov without a rebound.
3:33 of 3rd period - Anders Lee wins face-off versus Tobias Rieder in Coyotes zone.
3:34 of 3rd period - Slapshot by Tomas Tatar.
3:34 of 3rd period - Goal by Tomas Tatar - Coyotes : 3 - Blues : 10.
3:35 of 3rd period - Elias Lindholm wins face-off versus Anders Lee in neutral zone.
3:37 of 3rd period - Minor Penalty to Elias Lindholm for Hooking.
3:38 of 3rd period - Shane Harper wins face-off versus Cam Atkinson in Coyotes zone.
4:56 of 3rd period - Wrist shot by Rick Nash.
4:56 of 3rd period - Stopped by Andrey Makarov with a rebound.
5:29 of 3rd period - Icing by Rick Nash.
5:30 of 3rd period - Tobias Rieder wins face-off versus Sean Couturier in Blues zone.
5:31 of 3rd period - Slapshot by Yannick Weber.
5:31 of 3rd period - Deflect By Rick Nash.
5:31 of 3rd period - Stopped by Frederik Andersen with a rebound.
5:37 of 3rd period - Penalty to Elias Lindholm is over, Elias Lindholm is back on ice.
5:53 of 3rd period - Scott Laughton is hit by T.J. Brennan and loses puck.
6:36 of 3rd period - Minor Penalty to T.J. Brennan for Hooking.
6:37 of 3rd period - Artem Anisimov wins face-off versus Elias Lindholm in Coyotes zone.
6:54 of 3rd period - Slapshot by Kris Letang.
6:54 of 3rd period - Stopped by Andrey Makarov without a rebound.
6:55 of 3rd period - Mark Stone wins face-off versus Elias Lindholm in Coyotes zone.
7:28 of 3rd period - Snap shot by Rick Nash.
7:28 of 3rd period - Shot Misses the Net.
7:30 of 3rd period - Slapshot by Rick Nash.
7:30 of 3rd period - Stopped by Andrey Makarov with a rebound.
7:32 of 3rd period - Snap shot by Rick Nash.
7:32 of 3rd period - Shot Misses the Net.
7:34 of 3rd period - Wrist shot by Rick Nash.
7:34 of 3rd period - Shot Misses the Net.
7:52 of 3rd period - Slapshot by Rick Nash.
7:52 of 3rd period - Shot Blocked by Michal Jordan.
8:35 of 3rd period - David Jones is hit by Sean Couturier and loses puck.
8:36 of 3rd period - Penalty to T.J. Brennan is over, T.J. Brennan is back on ice.
9:34 of 3rd period - Icing by Rick Nash.
9:35 of 3rd period - Gabriel Dumont wins face-off versus Rick Nash in Blues zone.
10:00 of 3rd period - Mark Stone is hit by Gabriel Dumont and loses puck.
10:07 of 3rd period - Tomas Tatar is hit by Gabriel Dumont and loses puck.
10:33 of 3rd period - Wrist shot by R.J. Umberger.
10:33 of 3rd period - Stopped by Frederik Andersen with a rebound.
11:08 of 3rd period - Minor Penalty to Mark Borowiecki for Slashing.
11:09 of 3rd period - Sean Couturier wins face-off versus David Jones in Coyotes zone.
12:44 of 3rd period - Off-side.
12:45 of 3rd period - Anders Lee wins face-off versus Tobias Rieder in neutral zone.
12:58 of 3rd period - Rick Nash is hit by David Jones and loses puck.
13:08 of 3rd period - Penalty to Mark Borowiecki is over, Mark Borowiecki is back on ice.
13:25 of 3rd period - Snap shot by Johan Franzen.
13:25 of 3rd period - Shot Misses the Net.
13:27 of 3rd period - Wrist shot by Artem Anisimov.
13:27 of 3rd period - Stopped by Andrey Makarov with a rebound.
13:29 of 3rd period - Snap shot by Josh Gorges.
13:29 of 3rd period - Shot Blocked by Yannick Weber.
14:15 of 3rd period - Shane Harper is hit by Scott Laughton and loses puck.
15:04 of 3rd period - Snap shot by Tobias Rieder.
15:04 of 3rd period - Shot Misses the Net.
15:06 of 3rd period - Wrist shot by Tobias Rieder.
15:06 of 3rd period - Deflect By R.J. Umberger.
15:06 of 3rd period - Stopped by Frederik Andersen with a rebound.
15:08 of 3rd period - Slapshot by T.J. Brennan.
15:08 of 3rd period - Stopped by Frederik Andersen with a rebound.
15:10 of 3rd period - Slapshot by Henrik Tommernes.
15:10 of 3rd period - Deflect By Mark Stone.
15:10 of 3rd period - Stopped by Frederik Andersen with a rebound.
15:12 of 3rd period - Slapshot by T.J. Brennan.
15:12 of 3rd period - Shot Misses the Net.
15:27 of 3rd period - Icing by Kris Letang.
15:28 of 3rd period - Elias Lindholm wins face-off versus Anders Lee in Blues zone.
15:31 of 3rd period - Backhand shot by David Jones.
15:31 of 3rd period - Deflect By Elias Lindholm.
15:31 of 3rd period - Stopped by Frederik Andersen without a rebound.
15:32 of 3rd period - Sean Couturier wins face-off versus Elias Lindholm in Blues zone.
16:05 of 3rd period - Cam Atkinson is hit by Henrik Tommernes and loses puck.
16:27 of 3rd period - Hampus Lindholm is hit by Carter Ashton and loses puck.
16:52 of 3rd period - Ryan Ellis is hit by David Jones and loses puck.
17:19 of 3rd period - Wrist shot by Tomas Tatar.
17:19 of 3rd period - Shot Misses the Net.
17:21 of 3rd period - Slapshot by Mark Fayne.
17:21 of 3rd period - Deflect By Tomas Tatar.
17:21 of 3rd period - Goal by Tomas Tatar - Coyotes : 3 - Blues : 11.
17:22 of 3rd period - Sean Couturier wins face-off versus Tobias Rieder in neutral zone.
18:03 of 3rd period - Snap shot by Mark Stone.
18:03 of 3rd period - Stopped by Andrey Makarov with a rebound.
19:11 of 3rd period - Minor Penalty to R.J. Umberger for Interference.
19:12 of 3rd period - Anders Lee wins face-off versus Elias Lindholm in Coyotes zone.
19:55 of 3rd period - Wrist shot by Rick Nash.
19:55 of 3rd period - Stopped by Andrey Makarov with a rebound.
19:57 of 3rd period - Slapshot by Mark Fayne.
19:57 of 3rd period - Stopped by Andrey Makarov with a rebound.
Goals for this period are 1 for Coyotes vs 2 for Blues.
Shots for this period are 7 for Coyotes vs 12 for Blues.